 Dungeon Sprint DCSS version 0.28.0-53-g5a82cb258f (webtiles) character file.

Game seed: 4413585269022028520

1000000 Groucho the Cudgeller (level 1, -43/18 HPs)
             Began as a Djinni Wanderer on June 7, 2022.
             Was an Initiate of Makhleb.
             Annihilated by a meat berserker
             ... wielding a +9 battleaxe
              (61 damage)
             ... in the Dungeon (Sprint VIII: "Arena of Blood").
             The game lasted 00:00:28 (10 turns).

Groucho the Cudgeller (Djinni Wanderer)               Turns: 10, Time: 00:00:30

Health: -43/18     AC:  3    Str: 12    XL:     1   Next: 0%
Gold:   0          EV: 10    Int: 11    God:    Makhleb [......] SH:  0 Dex: 13

rFire   + + .      SeeInvis .   j - +∞ Axe of Woe
rCold   x . .      Faith    .   (shield currently unavailable)
rNeg    . . .      Spirit   .   d - +0 leather armour
rPois   ∞          Reflect  .   (no helmet)
rElec   .          Harm     .   (no cloak)
rCorr   .          Rampage  .   (no gloves)
Will    .....      NoTele   +   (boots unavailable)
Stlth   +.........              (no amulet)
HPRegen 0.06/turn               (no ring)
MPRegen 0.00/turn               (no ring)

@: flying
A: sickness immunity, fire resistance 2, cold vulnerability 1, float, innate
caster, HP casting, extra vitality 1
a: Renounce Religion


You were in the Dungeon.
You worshipped Makhleb.
Makhleb was noncommittal.
You visited 1 branch

Inventory:

Hand Weapons
 a - a +0 flail
 c - a +0 dagger
 j - the +∞ Axe of Woe (weapon)
   (You found it in the Dungeon)
Missiles
 b - 10 poisoned darts (quivered)
Armour
 d - a +0 leather armour (worn)
Scrolls
 i - a scroll of blinking
Potions
 e - a potion of curing
 f - a potion of heal wounds
 g - a potion of haste
 h - a potion of berserk rage


   Skills:
 - Level 2.0 Fighting
 + Level 0.0(1.9) Axes
 - Level 3.2 Maces & Flails
 - Level 1.0 Throwing
 + Level 0.0 Dodging
 - Level 1.0 Stealth
 - Level 1.5 Spellcasting


You couldn't memorise any spells.
You knew the following spells:

 Your Spells              Type           Power      Damage    Failure   Level
a - Frozen Ramparts       Ice            8%         1d2       52%         3
b - Freeze                Ice            16%        1d4       21%         1

Your spell library contained the following spells:

 Spells                   Type           Power      Damage    Failure   Level


Dungeon Overview and Level Annotations

Branches:
Dungeon (1/1)

Altars:
Makhleb


Innate Abilities, Weirdness & Mutations

You are immune to sickness and miasma.
You are immune to poison.
Your flesh is very heat resistant. (rF++)
You are vulnerable to cold. (rC-)
You float through the air rather than walking.
You learn spells naturally, not from books.
Your magical power is your life essence.
You have superior vitality. (+4 MHP)


Message History

You hover solemnly before the altar of Makhleb.
Makhleb welcomes you!
You hear a shout! x7
Unknown command.
Press < or > to pray at altars.
Unknown command.
Press < or > to pray at altars.
Unknown command.
Press < or > to pray at altars.
A bag of meat and a meat berserker come into view.
The bag of meat shouts!
The meat berserker shouts!
You hear a shout! x4
A bag of meat comes into view. It is wielding a +9 war axe.
You hear a shout!
The bag of meat moves out of view.
You hear a shout! x5
A bag of meat comes into view. It is wielding a +9 war axe.
You hear a shout! x3
There is a staircase leading out of the dungeon here.
The bag of meat shouts!
You hear a shout!
A meat berserker comes into view. It is wielding a +9 battleaxe.
You hear a shout!
A meat berserker comes into view. It is wielding a +9 battleaxe.
You hear a shout!
A bag of meat comes into view. It is wielding a +9 war axe.
You hear a shout! x2
A bag of meat comes into view. It is wielding a +9 war axe.
The meat berserker moves out of view.
Unknown command.
The bag of meat shouts!
You hear a shout! x16
You hear a shout! x2
The meat berserker rages.
You hear a shout! x8
You slash the meat berserker!
You dissect the meat berserker like a pig carcass.
You kill the meat berserker!
Makhleb accepts your kill.
You hear a shout! x6
The meat berserker hits you with a +9 battleaxe!!!
Ouch! That really hurt!
You die...

.... ..... ...
#... ..# . #...
..# . ..###...
..###..
..oo..###..o....
...o.._....o...
#..O@.# #_.<._#
#.....#
....._......
......###O.....
..###... ..###.
. #... ..# #...
..# ..... ..


You could see 2 meat berserkers and 5 bags of meat.

Vanquished Creatures
  An ogre (D)
1 creature vanquished.

Notes
Turn   | Place    | Note
-------+----------+-------------------------------------------
     0 | D        | Found the +∞ Axe of Woe
     0 | D        | Groucho the Djinni Wanderer began the quest for the Orb.
     0 | D        | Reached XP level 1. HP: 18/18 MP: 0/0
     4 | D        | Became a worshipper of Makhleb the Destroyer
     5 | D        | Noticed a bag of meat
     5 | D        | Noticed a meat berserker
     5 | D        | Noticed a bag of meat
     6 | D        | Noticed a bag of meat
     7 | D        | Noticed a meat berserker
     7 | D        | Noticed a meat berserker
     7 | D        | Noticed a bag of meat
     7 | D        | Noticed a bag of meat
    10 | D        | Killed a meat berserker
    10 | D        | Annihilated by a meat berserker

Illustrated notes

Levels and vault maps discovered:
D:        meatsprint

Action                   || total
-------------------------++-------
Melee: Executioner's axe ||     1
